Map: Oblivion Express

Players

monk

  • Race: Zerg Zerg

raincamp

  • Race: Terran Terran
  • Spawn Location: 0:00

VOD

Have the link to the VOD?

Description

Time

  • Played on: July 21, 2017, 6:53 a.m.
  • Length: 24:30
Show
View Real Time Build Order
Export as new Build Order

monk Zerg 

Build Orders:  

Get SALT Encoding   

  12  0:03  Infested SCV  
  13  0:12  Infested SCV  
  13  0:18  Infested SCV  
  15  1:03  Infested Command Center  
  15  1:13  Overlord  
  15  1:38  Infested SCV x2  
  15  1:39  Infested SCV x3  
  20  1:48  Infested Refinery  
  20  1:54  Infested SCV  
  21  2:00  Infested Refinery  
  21  2:10  Infested SCV  
  22  2:28  Infested SCV  
  23  2:42  Infested Colonist Compound  
  23  2:44  Infested SCV  
  23  2:45  Infested SCV x3  
  27  2:59  Anaerobic Enhancement  
  27  3:00  Infested Barracks  
  27  3:01  Infested SCV  
  27  3:05  Infested SCV  
  29  3:14  Infested SCV  
  30  3:23  Infested SCV  
  31  3:45  Infested Command Center  
  31  3:46  Infested SCV  
  32  3:52  Infested SCV x3  
  35  4:03  Infestation Level 1  
  35  4:06  Infested SCV  
  36  4:13  Overlord  
  36  4:23  Infested SCV x2  
  38  4:39  Infested SCV  
  39  4:40  Infested SCV  
  40  4:50  Overlord  
  40  4:53  Infested Bunker  
  40  4:54  Infested SCV  
  45  5:09  Infested SCV  
  46  5:20  Infested Engineering Bay  
  46  5:24  Infested Factory  
  46  5:26  Overlord  
  46  5:27  Infested SCV x2  
  48  5:40  Infested SCV x2  
  48  5:43  Infested Refinery  
  48  5:46  Infested Barracks Tech Lab  
  48  5:48  Infested Refinery  
  50  5:56  Infested Engineering Bay  
  50  6:06  Broodling Gestation  
  50  6:13  Infested SCV  
  51  6:27  Infested SCV x2  
  51  6:28  Stukov Infantry Weapons Level 1  
  53  6:38  Infested SCV  
  53  6:39  Infested SCV x2  
  56  6:52  Regenerative Plating  
  56  7:07  Retinal Augmentation  
  56  7:28  Infested Bunker  
  56  7:29  Infested Bunker  
  60  7:30  Overlord x2  
  60  7:36  Infestation Level 2  
  60  7:46  Overlord  
  60  7:51  Infested Bunker  
  60  7:58  Infested Bunker  
  68  8:00  Infested Bunker  
  72  8:17  Infested Bunker  
  72  8:21  Infested Armory  
  72  8:28  Overlord  
  76  8:44  Overlord x2  
  80  8:50  Infested Bunker  
  80  8:53  Plagued Munitions  
  80  9:02  Infested Bunker  
  84  9:11  Infested Bunker  
  84  9:13  Stukov Infantry Weapons Level 2  
  84  9:30  Stukov Vehicle and Ship Weapons Level 1, Calcified Armor  
  84  9:33  Aggressive Incubation  
  84  9:56  Infestation Level 3  
  84  10:07  Infested Bunker  
  88  10:11  Infested Bunker  
  88  10:24  Overlord  
  88  10:25  Infested Bunker  
  92  10:42  Infested Starport  
  92  10:45  Infested Barracks, Infested Factory Tech Lab, Infested Factory  
  88  10:50  Infested Missile Turret  
  88  11:10  Infested Siege Tank x2  
  88  11:12  Acidic Enzymes  
  88  11:16  Infested Bunker  
  88  11:18  Infested Bunker  
  94  11:22  Infested Bunker  
  94  11:30  Infested Bunker  
  94  11:32  Infested Bunker  
  98  11:41  Infested Bunker  
  94  11:54  Overlord  
  94  11:56  Infested Siege Tank x2  
  94  11:59  Overlord  
  100  12:00  Overlord  
  99  12:22  Infested Siege Tank x2  
  99  12:24  Overlord  
  105  12:42  Automated Mitosis  
  105  12:45  Stukov Infantry Weapons Level 3  
  105  12:46  Stukov Vehicle and Ship Weapons Level 2  
  105  12:50  Infested Siege Tank  
  105  12:59  Overseer  
  108  13:03  Overseer x2  
  108  13:07  Pneumatized Carapace  
  107  13:24  Infested Bunker  
  110  13:36  Infested Siege Tank x2  
  115  13:49  Infested Bunker  
  119  14:05  Stukov Infantry Armor Level 1  
  119  14:07  Infested Siege Tank  
  122  14:25  Infested SCV x3, Infested Refinery  
  122  14:26  Infested SCV x2  
  127  14:35  Infested Colonist Compound  
  126  14:41  Infested Bunker  
  130  15:08  Infested Bunker  
  130  15:19  Infested Bunker  
  129  15:30  Infested Siege Tank  
  129  15:31  Infested Siege Tank x3  
  129  15:33  Overlord x3  
  141  15:43  Infested Bunker  
  141  16:00  Stukov Vehicle and Ship Weapons Level 3  
  141  16:03  Overlord  
  141  16:05  Infested Bunker  
  141  16:08  Infested Bunker  
  145  16:27  Infested Siege Tank  
  145  16:28  Infested Siege Tank  
  147  16:36  Infested Siege Tank  
  150  16:53  Overlord x2  
  150  17:03  Infested Siege Tank  
  153  17:34  Infested Bunker  
  161  17:47  Infested Siege Tank x2  
  167  17:50  Infested Bunker  
  167  17:55  Infested Bunker  
  167  18:12  Infested Bunker  
  167  18:23  Overseer x2  
  167  18:24  Overseer  
  167  18:29  Stukov Infantry Armor Level 2  
  167  18:32  Overlord  
  167  18:33  Overlord  
  167  18:38  Infested Bunker  
  171  18:52  Infested Bunker  
  171  19:02  Infested Siege Tank  
  169  19:13  Infested Siege Tank x3  
  169  19:15  Overlord x2  
  178  19:21  Infested Bunker  
  178  19:36  Infested Siege Tank x2  
  180  19:49  Infested Bunker  
  177  20:30  Infested Bunker x2  
  177  20:32  Infested Bunker  
  177  20:37  Infested Bunker  
  177  20:40  Infested Siege Tank  
  177  20:42  Overlord x3  
  177  20:43  Infested SCV  
  177  20:45  Infested Bunker  
  177  20:52  Infested Bunker  
  177  20:58  Infested Bunker  
  177  21:00  Overlord x2  
  173  21:22  Infested Siege Tank x5  
  180  21:48  Infested Bunker  
  170  22:37  Overseer  
  170  22:41  Infested Siege Tank  
  170  22:42  Infested Siege Tank x2  
  176  23:08  Infested Bunker  
  171  23:32  Infested Siege Tank x2  
  171  23:50  Infested Marine  
  171  23:51  Infested Marine x4  
Show
View Real Time Build Order
Export as new Build Order

raincamp Terran 

Build Orders:  

Get SALT Encoding   

Tags
 
Add a new tag
Caveats
  • Supply blocks, unpowered buildings, or Contaminate may cause inaccurate times.
  • Supply counts are checked every 10 seconds.